AoeStats
← MouglieHD

Pilgrims

509914073Analyzed
2v2 RM · 4d ago on Sep 28, 2026· 28m 57s· 4 players
Game mode
Random Map
Map size
Medium (4 player)
Population
200
Speed
Normal
Resources
Standard
Victory
Conquest
Starting age
Dark Age
Ending age
Imperial Age
RankedLock teamsTeams togetherTeam positionsShared explorationLock speedFull tech treeHidden civsTurbo modeCheats
Victory
Defeat
🇫🇷 Persians · France
747
+14
🇫🇷 Japanese · France
705
+15
🇫🇷 Huns · France
702
-15
🇫🇷 Khmer · France
691
-14
Almopro
13:10 Feudal Age
14:58 Wheelbarrow
26:39 Castle Age
MouglieHD
10:34 Feudal Age
14:38 Double-Bit Axe
21:59 Castle Age
26:39 Scale Barding Armor
29:39 Bloodlines
DarkFace835823
11:19 Feudal Age
11:40 Fishing Lines
13:05 Man-at-Arms
26:16 Castle Age
26:22 Castle Age
D4RKCR3T1
12:28 Feudal Age
15:22 Double-Bit Axe
20:57 Castle Age
25:38 Scale Barding Armor
Connection lost

Rejoining the realm…

Still unreachable

The connection could not be restored.

Session expired

The server has moved on; the page needs a fresh start.